 Dungeon Crawl Stone Soup version 0.30.1-11-g7821555f0a (webtiles) character file.

Game seed: 663137197375214866

198 pkoi the Insei (level 5, -4/46 HPs)
             Began as a Draconian Monk on Nov 2, 2023.
             Slain by Crazy Yiuf
             ... wielding a +2 quarterstaff of chaos
              (8 damage)
             ... on level 3 of the Dungeon.
             The game lasted 00:02:46 (3152 turns).

pkoi the Insei (Draconian Monk)                     Turns: 3152, Time: 00:02:46

Health: -4/46      AC:  7    Str: 13    XL:     5   Next: 47%
Magic:  5/5        EV: 13    Int: 12    God:
Gold:   61         SH:  0    Dex: 14    Spells: 4/4 levels left

rFire   . .          .
                       - Unarmed
rCold   . . .        b - orb {light}
rNeg    . . .        (body armour unavailable)
rPois   .            (helmet restricted)
rElec   .            (no cloak)
rCorr   .            d - +1 pair of gloves
SInv    .            (no boots)
Will    .....        (no amulet)
Stlth   +            (no ring)
HPRegen 0.27/turn    (no ring)
MPRegen 0.09/turn

%: no passive effects
@: glowing
A: AC +5, unfitting armour, cold-blooded
a: no special abilities


You were on level 3 of the Dungeon.
You visited 1 branch of the dungeon, and saw 3 of its levels.

You collected 61 gold pieces.

Inventory:

Hand Weapons
 c - a +4 spear of venom
 g - a +0 dagger
Missiles
 j - 8 boomerangs (quivered)
Armour
 b - an orb of light (worn)
 d - a +1 pair of gloves (worn)
Jewellery
 h - an amulet of the acrobat
Scrolls
 f - 2 scrolls of teleportation
 i - 3 scrolls of identify
 l - a scroll of immolation {unknown}
 m - a scroll of acquirement {unknown}
Potions
 a - 2 potions of ambrosia
 k - a potion of flight {unknown}


   Skills:
 + Level 4.1 Fighting
 + Level 3.4 Dodging
 + Level 5.2 Unarmed Combat


You had 4 spell levels left.
You didn't know any spells.
Your spell library was empty.

Dungeon Overview and Level Annotations

Branches:
Dungeon (3/15)

Altars:

Annotations:
D:3 Crazy Yiuf


Innate Abilities, Weirdness & Mutations

Your plain brown scales are hard. (AC +5)
You cannot fit into any form of body armour.
You are cold-blooded and may be slowed by cold attacks.


Message History

You are now empty-handed.
You feel sick.
You feel very sick.
You feel very sick.
You feel sick.
Crazy Yiuf says, "Fluff!
Shower bag canine."
You feel sick.
You feel sick.
You feel sick.
You feel sick.
You feel sick.
Crazy Yiuf says, "Tosser!"
You feel sick.
Crazy Yiuf grits, "Spliff!
Fire childish seventy."
Sorry, you're not good enough to have a special ability.
You feel sick.
You are no longer poisoned.
Crazy Yiuf looks more healthy.
Crazy Yiuf screams, "Island!"
Crazy Yiuf whimpers, "Trifle!
Cod song hog."
You aren't carrying any items that you can evoke.
Unknown command.
Throw: 8 boomerangs
Press: ? - help, Q - select action Shift-Dir - straight line, f/p - Crazy Yiuf
Aim: Crazy Yiuf, wielding a +2 quarterstaff of chaos and wearing a +2 cloak (severely wounded, haloed, 82% to hit)
You throw a boomerang. The boomerang hits Crazy Yiuf.
Crazy Yiuf is severely wounded.
You hit Crazy Yiuf but do no damage.
Crazy Yiuf is severely wounded.
Crazy Yiuf completely misses you.
You hit Crazy Yiuf but do no damage.
Crazy Yiuf is severely wounded.
Crazy Yiuf whimpers, "Gnoll!"
Crazy Yiuf hits you with a +2 quarterstaff of chaos!
* * * LOW HITPOINT WARNING * * *
Crazy Yiuf burns you.
* * * LOW HITPOINT WARNING * * *
You hit Crazy Yiuf but do no damage.
Crazy Yiuf is severely wounded.
Crazy Yiuf hits you with a +2 quarterstaff of chaos!
You die...

#.##.# ##########.#
#########
##.##.########## #.#
........#
#..(...........# #.#
...####.#
#..##.########.# #.#
##.# #.# #..##.# #.#
#.# #.# #.# #.....# #.#
#.# #.# #.####.##..#
### ### #.#
#..........## #.#
####......@.# ##### #.#
#.#.##.#g# #..)# #.#
#...##.#.# #...# #.#
#..###>#.# ... #.# #..#
#.#.# #'# #.# #..#
#.#.## ♣♣.♣
#.#######..###.#..##
♣g♣♣
#................#.#
♣♣.♣
#######.########..#####
♣.♣♣


You could see Crazy Yiuf.

Vanquished Creatures
  An orc priest (D:2)
  2 orc wizards
  2 adders
  A worm (D:2)
  A dart slug (D:1)
  18 orcs
  4 ball pythons
  2 endoplasms
  2 giant cockroaches (D:1)
  4 goblins
  6 hobgoblins
  6 jackals
  A quokka (D:1)
  3 bats
  6 frilled lizards
  10 kobolds
  12 rats
81 creatures vanquished.

Notes
Turn   | Place    | Note
-------+----------+-------------------------------------------
     0 | D:1      | pkoi the Draconian Monk began the quest for the Orb.
     0 | D:1      | Reached XP level 1. HP: 19/19 MP: 1/1
   314 | D:1      | Reached XP level 2. HP: 20/26 MP: 2/2
   595 | D:1      | Reached skill level 4 in Unarmed Combat
   723 | D:1      | Reached XP level 3. HP: 30/31 MP: 3/3
  1395 | D:2      | Found a faded altar of an unknown god.
  1850 | D:2      | Reached XP level 4. HP: 31/38 MP: 4/4
  2100 | D:2      | Reached skill level 5 in Unarmed Combat
  2274 | D:3      | Reached XP level 5. HP: 42/46 MP: 5/5
  2440 | D:3      | Found a runed translucent door.
  2441 | D:3      | Noticed Crazy Yiuf
  3152 | D:3      | Slain by Crazy Yiuf

Illustrated notes

Levels and vault maps discovered:
D:1:      dpeg_arrival_three_same_balls, layout_basic, dk_noncrumbling_2
D:2:      layout_basic, ebering_ecumenical_altar_mist
D:3:      layout_loops_ring, uniq_crazy_yiuf_cottage

Skill      XL: |  1  2  3  4  5 |
---------------+----------------+-----
Unarmed Combat | 4 5 |  5.2
Dodging        | 3 |  3.4
Fighting       | 4 |  4.1

Action                     |  1- 3 |  4- 6 || total
---------------------------+-------+-------++-------
  Melee: Unarmed           |   116 |     3 ||   119
         Tailslap          |    20 |     9 ||    29
         Spear             |    22 |    63 ||    85
  Throw: Boomerang         |       |     1 ||     1
    Use: Potion            |     4 |     1 ||     5
         Scroll            |     3 |       ||     3
 Armour: Skin              |    41 |    12 ||    53
  Dodge: Dodged            |    79 |    26 ||   105
